 Dungeon Crawl Stone Soup version 0.30-a0-34-gbe8da3892a (webtiles) character file.

Game seed: 13977944272618941693

337 Sobieck the Cutter (level 6, 0/33 HPs)
             Began as a Vine Stalker Fighter on Aug 27, 2022.
             Was an Initiate of Gozag.
             Splashed by a jelly's acid (4 damage)
             ... on level 4 of the Dungeon.
             The game lasted 00:05:39 (3409 turns).

Sobieck the Cutter (Vine Stalker Fighter)           Turns: 3409, Time: 00:05:39

Health: 0/33       AC:  1    Str: 18    XL:     6   Next: 54%
Magic:  0/7        EV: 10    Int:  8    God:    Gozag
Gold:   411        SH:  5    Dex: 16    Spells: 5/5 levels left

rFire   . . .      SeeInvis .    a - +0 dagger (drain) {short}
rCold   . . .      Faith    .    c - +0 buckler
rNeg    . . .      Spirit   +    i - +0 scale mail
rPois   .          Reflect  .    (no helmet)
rElec   .          Harm     .    C - +1 cloak
rCorr   .          Rampage  .    m - +0 pair of gloves
Will    .....                    (no boots)
Stlth   ..........               (no amulet)
HPRegen 0.91/turn                (no ring)
MPRegen 0.10/turn                (no ring)

@: corroded
A: fangs 2, regeneration 1, magic shield, antimagic bite, no potion heal 2
a: Renounce Religion, Potion Petition, Call Merchant, Bribe Branch


You were on level 4 of the Dungeon.
You worshipped Gozag.
Gozag was aware of your devotion.
You visited 1 branch of the dungeon, and saw 4 of its levels.

You collected 474 gold pieces.
You paid 63 gold pieces to Gozag.


Innate Abilities, Weirdness & Mutations

You have extremely sharp teeth.
Your natural rate of healing is unusually fast.
When hurt, damage is shared between your health and your magic reserves.
Your bite disrupts and absorbs the magic of your enemies.
Potions cannot restore your health.


   Skills:
 + Level 3.9 Fighting
 * Level 4.5 Short Blades
 - Level 2.4 Armour
 + Level 2.3 Dodging
 - Level 2.6 Shields


You had 5 spell levels left.
You didn't know any spells.
Your spell library contained the following spells:

 Spells                   Type           Power      Damage    Failure   Level
 Sandblast                Erth           0%         2d4       88%         1
 Slow                     Hex            0%         N/A       88%         1
 Passwall                 Tmut/Erth      0%         N/A       95%         2
 Confusing Touch          Hex            0%         N/A       99%         3
 Inner Flame              Hex/Fire       0%         N/A       99%         3
 Portal Projectile        Hex/Tloc       0%         N/A       99%         3
 Stone Arrow              Conj/Erth      0%         3d7       99%         3
 Tukima's Dance           Hex            0%         N/A       99%         3
 Vampiric Draining        Necr           0%         2d6       99%         3
 Cause Fear               Hex            0%         N/A       100%        4
 Blade Hands              Tmut           0%         N/A       100%        5
 Discord                  Hex            0%         N/A       100%        8

Inventory:

Hand Weapons
 a - a +0 dagger of draining (weapon) {short}
   (You took it off a goblin on level 1 of the Dungeon)
 b - a +0 rapier {short}
Missiles
 g - 30 stones (quivered) {throwing}
 o - 5 javelins {throwing}
 D - 3 datura-tipped darts {throwing}
Armour
 c - a +0 buckler (worn)
 e - a +0 leather armour
   (You found it on level 1 of the Dungeon)
 i - a +0 scale mail (worn)
 l - a +0 robe of the Archmagi
   (You found it on level 1 of the Dungeon)
 m - a +0 pair of gloves (worn)
   (You found it on level 1 of the Dungeon)
 v - a +0 robe
   (You found it on level 2 of the Dungeon)
 w - a +0 scale mail
   (You found it on level 3 of the Dungeon)
 x - a +0 leather armour
   (You found it on level 3 of the Dungeon)
 A - a +0 plate armour
   (You found it on level 3 of the Dungeon)
 C - a +1 cloak (worn)
   (You found it on level 3 of the Dungeon)
 G - a +0 ring mail
   (You found it on level 4 of the Dungeon)
 H - a +0 chain mail
   (You found it on level 4 of the Dungeon)
Scrolls
 f - 3 scrolls of teleportation {unknown}
 k - a scroll of magic mapping {unknown}
 n - 2 scrolls of blinking {unknown}
 r - 3 scrolls of enchant armour {unknown}
 s - 4 scrolls of identify {unknown}
 u - a scroll of amnesia {unknown}
 y - a scroll of brand weapon {unknown}
 B - 2 scrolls of poison {unknown}
 F - a scroll of fog {unknown}
 I - a scroll of acquirement {unknown}
Potions
 d - a potion of might
 h - a potion of haste {unknown}
 j - 3 potions of cancellation {unknown}
 p - a potion of curing {unknown}
 q - a potion of ambrosia {unknown}
 t - 3 potions of degeneration {unknown}
 z - a potion of attraction {unknown}
 E - 2 potions of lignification {unknown}

Dungeon Overview and Level Annotations

Branches:
Dungeon (4/15) Zot: 20581
 Temple: D:4-7

Altars:
Gozag
Sif Muna
Wu Jian
The Shining One

###########.########........
#######.###..###..###..#
#........#........#.##+.
#........#........##....
#........#........##....
#........#............_.
#......$.#...##.........
o#######$###..##...##....
.......#@###..##...#..#+#
..o....#Jg.#...#...###...
...o...#$..#..###........
.......'...#..##.........
.......#...#..#.......+..
.......#'###..##......#..
#####.....##..##......#..
#.....#...#.......#..
#.....#...+.......#..


You could see a jelly (very drained) and a hobgoblin.


Message History

You feel less confused.
The orc wizard hits you but does no damage.
You closely miss the orc wizard.
The orc wizard hits you but does no damage.
Unknown command.
You closely miss the orc wizard.
The orc priest calls down the wrath of Beogh upon you.
Beogh smites you!
An orc comes into view. It is wielding a +0 short sword.
You barely miss the orc.
The orc wizard hits you but does no damage.
The orc hits you but does no damage.
Unknown command.
You closely miss the orc wizard. You bite the orc wizard.
The orc wizard's magic leaks into the air.
You drain its magic.
You feel invigorated.
You barely miss the orc wizard. The orc wizard misses you.
The orc barely misses you.
A hobgoblin comes into view.
You hit the orc wizard. You bite the orc wizard.
You kill the orc wizard!
You block the orc's attack.
Unknown command.
You hit the orc. You drain the orc.
You kill the orc!
The orc is distracted by your dazzling golden aura.
The orc priest miscasts a cantrip.
The orc shouts!
The orc priest hits you but does no damage.
Things that are here:
4 gold pieces; a +0 dagger {short} You barely miss the orc priest.
Your bite misses the orc priest.
The orc is no longer distracted by gold.
The orc priest closely misses you.
You hit the orc priest. Your bite misses the orc priest.
You completely miss the orc priest. Your bite misses the orc priest.
The orc priest mumbles some strange prayers to Beogh against you.
You struggle to resist.
You hit the orc priest but do no damage.
The orc priest calls down the wrath of Beogh upon you.
Pain shoots through your body!
You hit the orc priest. You bite the orc priest. You drain its power.
You feel invigorated.
A jelly comes into view.
The orc priest calls down the wrath of Beogh upon you.
Beogh smites you!
* * * LOW HITPOINT WARNING * * *
You hit the orc priest. You drain the orc priest.
You bite the orc priest, but do no damage.
The orc is distracted by your dazzling golden aura.
The orc priest barely misses you.
Unknown command.
The orc shouts!
You hit the orc priest.
You kill the orc priest!
The hobgoblin is distracted by your dazzling golden aura.
Things that are here:
5 gold pieces; a +0 hand axe {axe}; a scroll labelled ORIOTW AWEWKYH The hobgoblin shouts!
You hit the orc. You drain the orc.
The orc is no longer distracted by gold.
You bite the orc.
You kill the orc!
Unknown command.
You hit the jelly. You drain the jelly. The acid corrodes you!
Your hands burn!
You bite the jelly. You drain its power.
You feel invigorated.
The hobgoblin is no longer distracted by gold.
The hobgoblin hits you.
* * * LOW HITPOINT WARNING * * *
The jelly barely misses you.
Unknown command.
You hit the jelly but do no damage.
Your hands burn!
You block the hobgoblin's attack. The jelly closely misses you.
You barely miss the jelly. The hobgoblin hits you.
* * * LOW HITPOINT WARNING * * *
You block the jelly's attack.
You hit the jelly but do no damage. You drain the jelly. The acid corrodes you!
Your hands burn!
* * * LOW HITPOINT WARNING * * *
The hobgoblin barely misses you. The jelly hits you but does no damage.
You hit the jelly but do no damage.
Your hands burn!
* * * LOW HITPOINT WARNING * * *
You bite the jelly, but do no damage. You hit the jelly but do no damage.
Your hands burn!
* * * LOW HITPOINT WARNING * * *
The hobgoblin closely misses you. The jelly barely misses you.
You hit the jelly but do no damage.
Your hands burn!
* * * LOW HITPOINT WARNING * * *
The hobgoblin closely misses you. The jelly hits you but does no damage.
You hit the jelly but do no damage.
Your hands burn!
* * * LOW HITPOINT WARNING * * *
The hobgoblin closely misses you. You block the jelly's attack.
You hit the jelly but do no damage.
Your hands burn!
* * * LOW HITPOINT WARNING * * *
The hobgoblin hits you.
* * * LOW HITPOINT WARNING * * *
The jelly completely misses you.
You hit the jelly but do no damage. The acid corrodes you!
Your hands burn!
You die...
Your body crumbles into a pile of gold.

Skill      XL: |  1  2  3  4  5 |
---------------+----------------+-----
Short Blades   | 2 3 4 |  4.5
Fighting       | 3 |  3.9
Dodging        | 1 2 |  2.3
Armour         | |  2.4
Shields        | |  2.6

Action                   |  1- 3 |  4- 6 || total
-------------------------+-------+-------++-------
Melee: Rapier            |    34 |       ||    34
       Bite              |    32 |    51 ||    83
       Dagger            |    81 |   169 ||   250
Throw: Stone             |     6 |       ||     6
Armor: Scale mail        |    58 |    58 ||   116
Dodge: Dodged            |    44 |    49 ||    93
Block: Buckler           |    21 |    37 ||    58

Levels and vault maps discovered:
D:1:      eino_arrival_druids_welcome, layout_loops_ring, serial_bayou,
          serial_bayou_shore_b, serial_bayou_pond_a, serial_bayou_lake_a,
          serial_bayou_lagoon_a
D:2:      layout_basic, basic_altar, kennysheep_nondescript
D:3:      layout_rooms, pdpol_wu_jian_five_deadly_venoms,
          nicolae_gozag_seed_capital
D:4:      layout_gridville, nicolae_tso_besieged_by_evil

Notes
Turn   | Place    | Note
-------+----------+-------------------------------------------
     0 | D:1      | Sobieck the Vine Stalker Fighter began the quest for the
                  | Orb.
     0 | D:1      | Reached XP level 1. HP: 11/11 MP: 2/2
    54 | D:1      | Reached skill level 2 in Short Blades
   217 | D:1      | Reached XP level 2. HP: 9/16 MP: 3/3
   504 | D:1      | Identified a +0 robe of the Archmagi
   562 | D:1      | You pick up a book of Weapons and begin reading...
   562 | D:1      | You add the spells Tukima's Dance, Portal Projectile and
                  | Blade Hands to your library.
   949 | D:1      | You pick up a book of Hexes and begin reading...
   949 | D:1      | You add the spells Inner Flame, Cause Fear and Discord to
                  | your library.
   998 | D:2      | You pick up a book of Debilitation and begin reading...
   998 | D:2      | You add the spells Slow, Vampiric Draining and Confusing
                  | Touch to your library.
  1233 | D:2      | Reached skill level 3 in Fighting
  1233 | D:2      | Reached XP level 3. HP: 20/20 MP: 4/4
  1239 | D:2      | You pick up a book of Geomancy and begin reading...
  1239 | D:2      | You add the spells Sandblast, Passwall and Stone Arrow to
                  | your library.
  1547 | D:2      | Found a shimmering blue altar of Sif Muna.
  1712 | D:3      | HP: 5/20 [poisoned by an adder]
  1713 | D:3      | Reached skill level 1 in Dodging
  2067 | D:3      | Found an opulent altar of Gozag.
  2166 | D:3      | Gained mutation: Your natural rate of healing is unusually
                  | fast. [Vine Stalker growth]
  2166 | D:3      | Reached XP level 4. HP: 24/24 MP: 5/5
  2170 | D:3      | Became a worshipper of Gozag Ym Sagoz the Greedy
  2244 | D:3      | Reached skill level 3 in Short Blades
  2304 | D:3      | Found an ornate altar of the Wu Jian Council.
  2310 | D:3      | Noticed a spectral centipede
  2310 | D:3      | Noticed a spectral black mamba
  2310 | D:3      | Noticed a spectral cane toad
  2742 | D:4      | Reached XP level 5. HP: 28/28 MP: 6/6
  2868 | D:4      | Found a glowing golden altar of the Shining One.
  2891 | D:4      | Reached skill level 4 in Short Blades
  2891 | D:4      | Reached skill level 2 in Dodging
  3115 | D:4      | Reached XP level 6. HP: 19/33 MP: 5/7
  3408 | D:4      | HP: 6/33 [acid (4)]
  3409 | D:4      | Splashed by a jelly's acid

Vanquished Creatures
  A crimson imp (D:4)
  A jelly (D:4)
  An orc priest (D:4)
  A hound (D:4)
  2 iguanas (D:4)
  An orc wizard (D:4)
  3 gnolls (D:4)
  3 adders
  A dart slug (D:3)
  4 orcs (D:4)
  3 ball pythons
  8 bats
  2 endoplasms (D:2)
  3 giant cockroaches
  6 goblins
  5 hobgoblins
  9 jackals
  3 quokkas
  3 frilled lizards
  2 goblin skeletons (D:4)
  2 goblin zombies (D:4)
  2 hobgoblin zombies (D:4)
  6 kobolds
  A kobold skeleton (D:4)
  A kobold zombie (D:4)
  3 orc zombies (D:4)
  5 rats
82 creatures vanquished.

Vanquished Creatures (others)
  4 plants (D:1)
4 creatures vanquished.

Grand Total: 86 creatures vanquished

Table legend:
 A = Non-vault XP
 B = Vault XP
 C = Vault XP percentage of total XP
 D = Non-vault monster count
 E = Vault monster count
 F = Vault count percentage of total count
                 A         B        C        D         E       F
            +---------+---------+-------+---------+---------+-------
      Total |     423 |      59 |  12.2 |      70 |      12 |  14.6
            +---------+---------+-------+---------+---------+-------
        D:1 |      25 |       0 |   0.0 |      14 |       0 |   0.0
        D:2 |      23 |       0 |   0.0 |      14 |       0 |   0.0
        D:3 |      61 |       0 |   0.0 |      22 |       0 |   0.0
        D:4 |     314 |      59 |  15.8 |      20 |      12 |  37.5
            +---------+---------+-------+---------+---------+-------

Illustrated notes

Table legend:
 A = Kills in this place as a percentage of kills in entire the game.
 B = Kills by you in this place as a percentage of kills by you in the entire game.
 C = Kills by friends in this place as a percentage of kills by friends in the entire game.
 D = Other kills in this place as a percentage of other kills in the entire game.
 E = Experience gained in this place as a percentage of experience gained in the entire game.
 F = Experience gained in this place divided by the number of levels of this place that you have seen.
                   A       B       C       D       E      F
               +-------+-------+-------+-------+-------+----------------------
         Total | 100.0 | 100.0 |   N/A |   N/A | 100.0 | 120.5
       Dungeon | 100.0 | 100.0 |   N/A |   N/A | 100.0 | 120.5
               +-------+-------+-------+-------+-------+----------------------

Table legend: (Time is in decaauts)
 A = Elapsed time spent in this place.
 B = Non-inter-level travel time spent in this place.
 C = Inter-level travel time spent in this place.
 D = Time resting spent in this place.
 E = Time spent auto-exploring this place.
 F = Levels seen in this place.
 G = Mean time per level.
                   A        B        C        D        E       F      G
               +--------+--------+--------+--------+--------+-----+--------+
         Total |   3419 |   3280 |    139 |    252 |   2492 |   4 |  854.8 |
       Dungeon |   3419 |   3280 |    139 |    252 |   2492 |   4 |  854.8 |
               +--------+--------+--------+--------+--------+-----+--------+

Top non-repeatable levels by time:
     D:1: 1021 daAuts
     D:3: 965 daAuts
     D:4: 729 daAuts
     D:2: 702 daAuts
